 Dungeon Sprint DCSS version 0.17-a0-1311-gbcbd859 (webtiles) character file.

245 Kidiri the Covert (level 5, 0/28 HPs)
             Began as a Spriggan Enchanter on June 8, 2015.
             Slain by a necrophage (5 damage)
             ... in the Dungeon (Sprint II: "The Violet Keep of Menkaure").
             The game lasted 00:00:59 (26 turns).

Kidiri the Covert (Spriggan Enchanter)                Turns: 26, Time: 00:00:59

Health: 0/28       AC:  3    Str:  4    XL:     5   Next: 84%
Magic:  7/14       EV: 25    Int: 16    God:
Gold:   0          SH:  0    Dex: 18    Spells: 1 memorised, 14 levels left

rFire  . . .     SeeInvis +     a - +1 dagger
rCold  . . .     Clarity  .     b - +1 robe
rNeg   . . .     SustAt   .     (shield restricted)
rPois  .         Gourm    .     (helmet restricted)
rElec  .         Spirit   .     (no cloak)
rCorr  .         Warding  .     (gloves unavailable)
rMut   .         NoTele   +     (boots unavailable)
MR     .....                    (no amulet)
Stlth  +++++.....               (no ring)
                                (no ring)

@: exhausted, slowed, quick, not resistant to hostile enchantments, quite
stealthy
A: unfitting armour, see invisible, herbivore 3, speed 3, slow metabolism 2
a: no special abilities


You were in the Dungeon.
You were not hungry.

You visited 1 branch

Inventory:

Hand weapons
 a - a +1 dagger (weapon)
Armour
 b - a +1 robe (worn)
Scrolls
 j - a scroll of blinking
Potions
 e - a potion of curing
 f - a potion of heal wounds
 g - a potion of haste
 h - 2 potions of magic
Books
 c - a book of Maledictions

   Spells                             Type                      Level
   a - Corona                         Hexes                        1
   b - Ensorcelled Hibernation        Hexes/Ice                    2
   c - Confuse                        Hexes                        3
   d - Tukima's Dance                 Hexes                        3
   e - Dazzling Spray                 Conjuration/Hexes            3
Comestibles
 d - a bread ration


   Skills:
 + Level 3.2 Fighting
 + Level 4.5 Short Blades
 * Level 9.3 Dodging
 * Level 10.4 Stealth
 + Level 5.7 Spellcasting
 + Level 6.1 Hexes


You had 14 spell levels left.
You knew the following spells:

 Your Spells              Type           Power        Failure   Level  Hunger
a - Corona                Hex            ###....      1%          1    None


Dungeon Overview and Level Annotations

Branches:
Dungeon (1/1)

Altars:


Innate Abilities, Weirdness & Mutations

You are tiny and cannot use many weapons and most armour.
You have supernaturally acute eyesight.
You are a herbivore.
You cover ground extremely quickly.
You need consume almost no food.


Message History

You are exhausted.
You feel yourself slow down. The necrophage misses you.
There is an open door here.
You see here a necrophage corpse.
You closely miss the necrophage. The necrophage barely misses you.
You barely miss the necrophage. The necrophage closely misses you.
Casting: Corona
Confirm with . or Enter, or press ? or * to list all spells.
Aiming: Corona
Press: ? - help, Shift-Dir - straight line, f - necrophage
Aim: a necrophage (chance to defeat MR: 47%)
The necrophage resists with significant effort.
The necrophage misses you. The necrophage barely misses you.
You hit the necrophage.
The necrophage is lightly damaged.
The necrophage barely misses you.
You hit the necrophage.
The necrophage is moderately damaged.
The necrophage hits you.
You die...

## ##
##. .##
#..#..#
#.n.#
#@#
##.##
+.<.+
##.##
#+#


You could see a necrophage.

Vanquished Creatures
  3 necrophages (D)
3 creatures vanquished.

Notes
Turn   | Place    | Note
--------------------------------------------------------------
     0 | D        | Kidiri the Spriggan Enchanter began the quest for the Orb.
     0 | D        | Reached XP level 1. HP: 9/9 MP: 5/5
     1 | D        | Noticed a necrophage
     1 | D        | Noticed a necrophage
     1 | D        | Noticed a necrophage
     1 | D        | Noticed a necrophage
    12 | D        | Killed a necrophage
    12 | D        | Reached skill level 6 in Dodging
    12 | D        | Reached skill level 8 in Stealth
    12 | D        | Reached skill level 5 in Hexes
    12 | D        | Reached XP level 2. HP: 4/15 MP: 6/8
    12 | D        | Reached XP level 3. HP: 4/18 MP: 6/9
    12 | D        | Reached XP level 4. HP: 5/23 MP: 7/11
    16 | D        | Killed a necrophage
    16 | D        | Reached skill level 9 in Stealth
    16 | D        | Reached skill level 5 in Spellcasting
    16 | D        | Reached XP level 5. HP: 5/27 MP: 7/13
    20 | D        | Killed a necrophage
    20 | D        | Reached skill level 10 in Stealth
    26 | D        | Slain by a necrophage

Vault maps used:
D:        the_violet_keep_of_menkaure

Action                   |  1- 3 |  4- 6 || total
-------------------------+-------+-------++-------
Melee: Dagger            |    10 |    12 ||    22
 Cast: Corona            |       |     1 ||     1
  Use: Potion            |     1 |       ||     1
